AoeStats
← Ming.213

Oasis

508449305Analyzed
3v3 RM · 11d ago on Sep 22, 2026· 68m 34s· 6 players
Game mode
Random Map
Map size
Normal (6 player)
Population
200
Speed
Normal
Resources
Standard
Victory
Conquest
Starting age
Dark Age
Ending age
Imperial Age
RankedLock teamsTeams togetherTeam positionsShared explorationLock speedFull tech treeHidden civsTurbo modeCheats
Victory
Defeat
🇮🇳 Slavs · India
769
+15
🇨🇳 Franks · China
687
+17
🇦🇷 Huns · Argentina
677
+18
🇧🇬 Bohemians · Bulgaria
769
-18
🇬🇧 Celts · United Kingdom
768
-18
🇦🇷 Gurjaras · Argentina
670
-14
Ming.213
11:08 Feudal Age
15:30 Castle Age
14:23 Double-Bit Axe
15:41 Town Watch
16:32 Wheelbarrow
18:09 Husbandry
18:20 Scale Barding Armor
26:52 Hand Cart
26:38 Town Patrol
26:57 Bow Saw
28:48 Fletching
29:10 Gold Mining
30:21 Stone Mining
33:51 Imperial Age
33:16 Forging
33:27 Chain Barding Armor
34:53 Gold Shaft Mining
34:56 Iron Casting
37:50 Caravan
37:27 Elite Throwing Axeman
38:47 Cavalier
39:57 Chivalry
41:06 Loom
41:21 Town Patrol
42:48 Blast Furnace
42:23 Plate Barding Armor
41:31 Paladin
42:35 Conscription
44:06 Scale Mail Armor
48:37 #83
49:07 Chain Mail Armor
48:48 Bodkin Arrow
67:09 Spies/Treason
Nahue
6:55 Loom
10:00 Feudal Age
10:33 Double-Bit Axe
10:30 Horse Collar
17:44 Castle Age
17:29 Stone Mining
18:58 Bow Saw
18:59 Husbandry
24:15 Heavy Plow
24:04 Elite Skirmisher
28:07 Pikeman
29:40 Forging
29:53 Marauders
30:18 Gold Mining
31:21 Crossbowman
36:16 Imperial Age
35:26 Wheelbarrow
35:38 Fletching
35:49 Padded Archer Armor
36:25 Iron Casting
35:56 Scale Barding Armor
36:58 Caravan
37:35 Hand Cart
37:58 Scale Mail Armor
37:54 Bodkin Arrow
41:22 Gold Shaft Mining
42:10 Thumb Ring
42:11 Squires
43:21 Parthian Tactics
43:46 Bracer
44:01 Leather Archer Armor
44:34 Elite Tarkan
44:50 Halberdier
56:32 Chain Barding Armor
57:13 Blast Furnace
56:28 Chain Mail Armor
63:17 Chemistry
62:38 Ballistics
62:29 Masonry
62:07 Town Watch
63:00 Plate Barding Armor
67:03 Spies/Treason
nilendra.sinha
5:40 Loom
11:55 Feudal Age
12:49 Horse Collar
13:54 Wheelbarrow
14:45 Double-Bit Axe
17:48 Castle Age
16:02 Gold Mining
17:47 Forging
17:46 Stone Mining
18:53 Bloodlines
19:09 Scale Barding Armor
20:31 Scale Mail Armor
22:16 Pikeman
24:42 Gold Shaft Mining
25:46 Hand Cart
29:22 Bow Saw
29:44 Chain Barding Armor
30:00 Iron Casting
29:28 Padded Archer Armor
29:19 Fletching
36:11 Imperial Age
35:47 Town Watch
35:54 Town Watch
37:05 Chain Mail Armor
37:08 Leather Archer Armor
36:43 Fletching
37:25 Conscription
36:36 Capped Ram
39:15 Plate Barding Armor
39:33 Caravan
41:50 Siege Ram
42:11 Siege Ram
43:33 Halberdier
44:16 Husbandry
44:20 Elite Boyar
46:42 Druzhina
53:39 Onager
53:50 Onager
54:28 Bodkin Arrow
67:09 Spies/Treason
MUSTIBG
0:30 Loom
14:01 Feudal Age
19:09 Double-Bit Axe
30:06 Horse Collar
31:52 Town Watch
36:22 Castle Age
36:03 Fletching
36:14 Padded Archer Armor
39:13 Bow Saw
43:38 Imperial Age
42:14 Wagenburg Tactics
43:36 Wheelbarrow
44:14 Ballistics
44:09 Elite Hussite Wagon
48:58 Hand Cart
56:02 Two-Man Saw
Bummo
7:15 Loom
10:16 Feudal Age
11:34 Double-Bit Axe
11:43 Stone Mining
13:09 Horse Collar
16:58 Wheelbarrow
22:54 Castle Age
21:06 Forging
21:20 Scale Mail Armor
22:37 Gold Mining
23:53 Bow Saw
24:03 Heavy Plow
24:47 Iron Casting
23:45 Pikeman
25:11 Hand Cart
25:49 Chain Mail Armor
28:39 Fortified Wall
29:37 Gambesons
30:41 Town Watch
34:35 Imperial Age
33:50 Treadmill Crane
35:01 Stone Shaft Mining
34:21 Fletching
34:35 Town Patrol
34:39 Onager
36:49 Conscription
37:30 Siege Engineers
38:27 Chemistry
38:05 Halberdier
45:00 Furor Celtica
44:22 Elite Woad Raider
54:34 Murder Holes
jackattak
0:44 Loom
14:50 Feudal Age
17:06 Double-Bit Axe
17:39 Horse Collar
18:55 Wheelbarrow
22:19 Arson
21:56 Man-at-Arms
26:44 Castle Age
25:30 Gold Mining
25:31 Stone Mining
26:43 Bloodlines
28:40 Husbandry
28:01 Light Cavalry
28:10 Long Swordsman
30:45 Hand Cart
34:55 Bow Saw
35:47 Kshatriyas
37:00 Scale Barding Armor
36:56 Scale Mail Armor
36:58 Padded Archer Armor
41:42 Imperial Age
40:58 Stone Mining
41:44 Gold Shaft Mining
41:22 Heavy Plow
41:46 Heavy Camel Rider
42:53 Conscription
45:04 Elite Chakram Thrower
46:05 Frontier Guards
47:48 Chain Barding Armor
47:43 Chain Mail Armor
47:39 Forging
47:19 Fletching
47:45 Leather Archer Armor
47:13 Hussar
48:59 Stone Shaft Mining
49:54 Elite Shrivamsha Rider
54:51 Iron Casting
54:11 Bodkin Arrow
54:47 Plate Mail Armor
54:52 Plate Barding Armor
55:37 Crop Rotation
Connection lost

Rejoining the realm…

Still unreachable

The connection could not be restored.

Session expired

The server has moved on; the page needs a fresh start.